[Event "*** Titled Tuesday Blitz"]
[Site "Chess.com"]
[Date "2020.05.05"]
[Round "4"]
[White "LikeWater"]
[Black "Micki-taryan"]
[Result "0-1"]
[WhiteElo "2714"]
[BlackElo "3074"]
[TimeControl "180+1"]
[EndTime "10:39:49 PDT"]
[Termination "Micki-taryan won on time"]

1. e4 c5 2. Nf3 Nc6 3. Nc3 e6 4. d4 cxd4 5. Nxd4 a6 6. Nxc6 bxc6 7. Bd3 d5 8. O-O Nf6 9. Re1 Be7 10. e5 Nd7 11. Qg4 g6 12. Na4 h5 13. Qe2 a5 14.
c4 Ba6 15. b3 O-O 16. Qc2 Kg7 17. Bf4 Nb6 18. Nb2 a4 19. c5 a3 20. Rad1 axb2 21. cxb6 Bxd3 22. Rxd3 Rxa2 23. Qxc6 Qc8 24.
Qc7 Qxc7 25. bxc7 Rc8 26. Rb1 Rxc7 27. Kf1 Ba3 28. Rdd1 Rc3 29. Be3 Rxb3 30. Bd4 Bb4 31. Ke2 Bc3 32. Bxc3 Rxc3 33. Rd2 Rb3 34. Kd1 Rb4 35.
Kc2 h4 36. f3 Rc4+ 37. Kb3 Ra8 38. Rbxb2 Rc7 39. Re2 g5 40. Rbc2 Rb8+ 0-1

[Event "*** Titled Tuesday Blitz"]
[Site "Chess.com"]
[Date "2020.05.05"]
[Round "4"]
[White "WastefulJustice"]
[Black "yarosavich"]
[Result "0-1"]
[WhiteElo "2357"]
[BlackElo "2703"]
[TimeControl "180+1"]
[EndTime "10:39:49 PDT"]
[Termination "yarosavich won by resignation"]

1. e4 e5 2. Nf3 Nc6 3. Bb5 a6 4.
Ba4 Nf6 5. O-O Be7 6. Re1 d6 7. c3 Bg4 8. h3 Bh5 9. d3 Nd7 10.
Nbd2 Nc5 11. Bc2 Ne6 12. Nf1 Ng5 13. Bxg5 Bxg5 14. Ng3 Bxf3 15. Qxf3 g6 16. Rad1 Qf6 17. Qe2 Nd8 18. d4 Ne6 19. dxe5 dxe5 20. Qc4 c6 21. Rd6 O-O 22. Nf5 Rfd8 23. Red1 Rxd6 24. Nxd6 Qe7 25. Qb4 Rb8 26. Bb3 Kg7 27. a4 b6 28.
g3 a5 29. Qa3 Rd8 30. h4 Bf6 31. Bxe6 Qxe6 32. Kg2 Be7 33. Nf5+ gxf5 34. exf5 Bxa3 0-1

[Event "*** Titled Tuesday Blitz"]
[Site "Chess.com"]
[Date "2020.05.05"]
[Round "4"]
[White "DortmundCity"]
[Black "CyberneticLion"]
[Result "1-0"]
[WhiteElo "2410"]
[BlackElo "2598"]
[TimeControl "180+1"]
[EndTime "10:39:50 PDT"]
[Termination "DortmundCity won by resignation"]

1. e4 e5 2. Nf3 Nc6 3. Bc4 Bc5 4. d4 Bxd4 5. Nxd4 Nxd4 6. f4 d6 7. O-O Nf6 8. c3 Nc6 9. fxe5 Nxe5 10. Bg5 Nxc4 11.
Bxf6 Nxb2 12. Qc2 gxf6 13. Qxb2 c6 14. Kh1 Qb6 15. Qe2 Be6 16. Nd2 O-O-O 17. Rab1 Qa6 18. Qf2 f5 19. exf5 Bd5 20. Qd4 Rhg8 21. Rf2 Qxa2 22. c4 Rde8 23. Rbf1 Qa4 24. Qf4 Bxg2+ 25. Rxg2 Rxg2 26.
Kxg2 Qc2 27. Rf2 Qd3 28. Qg4 a5 29. Qg7 a4 30. Qxf7 Qe3 31. Nf3 Re7 32. Qg8+ Kc7 33. f6 Re8 34. f7 1-0

[Event "*** Titled Tuesday Blitz"]
[Site "Chess.com"]
[Date "2020.05.05"]
[Round "4"]
[White "MattyDPerrine"]
[Black "Koksik_13"]
[Result "0-1"]
[WhiteElo "2367"]
[BlackElo "2600"]
[TimeControl "180+1"]
[EndTime "10:39:50 PDT"]
[Termination "Koksik_13 won on time"]

1. Nf3 e6 2. c4 d5 3. g3 Nf6 4. Bg2 Be7 5. O-O O-O 6. b3 b6 7. Bb2 Bb7 8. e3 c5 9. Nc3 Nc6 10. cxd5 Nxd5 11. Nxd5 exd5 12. d4 Bf6 13. Qd2 Rc8 14. dxc5 bxc5 15. Bxf6 Qxf6 16. Qxd5 Rfd8 17. Qg5 Qb2 18. Qf4 h6 19. Rfc1 Re8 20. Qa4 Nb4 21.
Qxa7 Be4 22. Ne1 Bg6 23. a3 Nc6 24. Qxc5 Na7 25. Qd4 Qxc1 26. Rxc1 Rxc1 27. Kf1 Nb5 0-1

[Event "*** Titled Tuesday Blitz"]
[Site "Chess.com"]
[Date "2020.05.05"]
[Round "4"]
[White "Nakachuk"]
[Black "Baby_Legs"]
[Result "1/2-1/2"]
[WhiteElo "2873"]
[BlackElo "2681"]
[TimeControl "180+1"]
[EndTime "10:39:51 PDT"]
[Termination "Game drawn by repetition"]

1. Nf3 d5 2. g3 Nf6 3. Bg2 c5 4.
O-O h6 5. d3 Nc6 6. Nbd2 e5 7.
e4 d4 8. Nc4 Bd6 9. Nxd6+ Qxd6 10. Nh4 g5 11. Nf5 Bxf5 12. exf5 O-O-O 13. Bd2 Kb8 14. a3 Nd5 15. Rb1 a5 16. Qf3 f6 17. c4 dxc3 18. bxc3 Nde7 19. Be3 Qd5 20. Qxd5 Nxd5 21. Bxc5 Kc8 22. Rfc1 Rh7 23. d4 exd4 24. cxd4 Rhd7 25. Bb6 Nxb6 26. Bxc6 bxc6 27. Rxc6+ Rc7 28. Rbxb6 Rxd4 29. Rxc7+ Kxc7 30. Rxf6 Ra4 31. Rxh6 Rxa3 32. Kg2 a4 33.
f6 Kd7 34. f7 Ke7 35. Rf6 Kf8 36. h4 gxh4 37. gxh4 Rb3 38. h5 Rb5 39. h6 Rh5 40. Kg3 a3 41. Kg4 a2 42. Ra6 Rxh6 43. Rxa2 Kxf7 44. Ra7+ Kf8 45. f4 Rb6 46. Kg5 Rc6 47. f5 Rb6 48. Ra8+ Kf7 49. Rh8 Kg7 50. Rd8 Kf7 51.
Rd7+ Kf8 52. Rc7 Ra6 53. Rc5 Rb6 54. Ra5 Rc6 55. Kf4 Rb6 56. Ke5 Kf7 57. Ra7+ Kf8 58. Rh7 Kg8 59. Re7 Kf8 60. Re6 Rb7 61. Kf6 Rf7+ 62.
Kg6 Rg7+ 63. Kf6 Rf7+ 64. Kg5 Rg7+ 65. Rg6 Rb7 66. Re6 Rg7+ 67. Kf6 Rf7+ 1/2-1/2

[Event "*** Titled Tuesday Blitz"]
[Site "Chess.com"]
[Date "2020.05.05"]
[Round "4"]
[White "SirMittensofMittensville"]
[Black "JessPinkman"]
[Result "1-0"]
[WhiteElo "2668"]
[BlackElo "2469"]
[TimeControl "180+1"]
[EndTime "10:39:51 PDT"]
[Termination "SirMittensofMittensville won on time"]

1. e4 c5 2. c3 Nf6 3. e5 Nd5 4.
Bc4 e6 5. Nf3 d6 6. d4 cxd4 7.
cxd4 Be7 8. Qe2 O-O 9. O-O Nd7 10. Bd2 N7b6 11. Bd3 Bd7 12. Qe4 f5 13. exf6 Nxf6 14. Qh4 Qe8 15. Bg5 h6 16. Bxf6 Bxf6 17. Qe4 Qh5 18.
Nc3 Qf5 19. Qe3 Qh5 20. Ne4 Nd5 21. Qd2 Be7 22. Ng3 Qf7 23. Rfe1 Rac8 24. Rad1 Nf4 25. Be4 Bc6 26. Re3 Bxe4 27. Nxe4 Rc6 28. Nc3 Rcc8 29.
Rde1 1-0

[Event "*** Titled Tuesday Blitz"]
[Site "Chess.com"]
[Date "2020.05.05"]
[Round "4"]
[White "olksuna"]
[Black "PenguinPacks"]
[Result "1-0"]
[WhiteElo "2592"]
[BlackElo "2343"]
[TimeControl "180+1"]
[EndTime "10:39:51 PDT"]
[Termination "olksuna won by resignation"]

1. e4 c5 2. b3 g6 3. Bb2 Nf6 4. e5 Nd5 5. Nf3 Bg7 6. Bc4 Nb6 7. O-O Nxc4 8. bxc4 Nc6 9. d3 O-O 10. Re1 d5 11. cxd5 Qxd5 12. Nbd2 Bg4 13. h3 Be6 14. Qe2 b6 15. Ng5 Bf5 16. Ndf3 h6 17. Ne4 Rfd8 18. Qe3 Nd4 19. Bxd4 cxd4 20. Qf4 Rac8 21. Re2 Bd7 22. h4 h5 23. Rae1 Bg4 24. Neg5 Qxa2 25. Re4 Qxc2 26. Nxd4 Qxd3 27. Qxf7+ Kh8 28. Qxg6 Kg8 29. Qh7+ Kf8 30.
Rf4+ Ke8 31. Qxd3 1-0

[Event "*** Titled Tuesday Blitz"]
[Site "Chess.com"]
[Date "2020.05.05"]
[Round "4"]
[White "Dinamo81"]
[Black "amiralfio"]
[Result "1-0"]
[WhiteElo "2657"]
[BlackElo "2469"]
[TimeControl "180+1"]
[EndTime "10:39:54 PDT"]
[Termination "Dinamo81 won by checkmate"]

1. d4 f5 2. Nc3 Nf6 3. Bg5 Nc6 4. d5 Ne5 5. Qd4 Nf7 6. Bxf6 exf6 7. Nf3 g6 8. O-O-O Bg7 9. h4 O-O 10. h5 g5 11. e3 d6 12. Be2 Bd7 13. Qd2 b5 14. Bxb5 Bxb5 15. Nxb5 Rb8 16. Nbd4 Qd7 17. Nc6 Rb6 18.
Nfd4 Ne5 19. Qc3 a6 20. f4 Ng4 21. Qd2 Re8 22. Rde1 Re4 23. g3 h6 24. Rhf1 Qf7 25.
Nxf5 Bf8 26. Qd3 Re8 27. e4 Rxc6 28. dxc6 Qxa2 29. Qd5+ Qxd5 30. exd5 Rb8 31. Re6 Kf7 32. Rfe1 Rb5 33. c4 Rb4 34. b3 Rxb3 35. Re7+ Bxe7 36. Rxe7+ Kf8 37. Rxc7 Rc3+ 38. Kb2 Rxc4 39. Rc8+ Kf7 40. Nxd6+ Ke7 41. Nxc4 gxf4 42. gxf4 Nf2 43. d6+ Kf7 44. d7 Nd3+ 45. Kc3 Nxf4 46. d8=Q Ne6 47. Qd7# 1-0

[Event "*** Titled Tuesday Blitz"]
[Site "Chess.com"]
[Date "2020.05.05"]
[Round "4"]
[White "Gyapiking"]
[Black "Alexander_Moskalenko"]
[Result "0-1"]
[WhiteElo "2459"]
[BlackElo "2833"]
[TimeControl "180+1"]
[EndTime "10:39:55 PDT"]
[Termination "Alexander_Moskalenko won by resignation"]

1. d4 d6 2. e4 Nf6 3. Nc3 e5 4.
dxe5 dxe5 5. Qxd8+ Kxd8 6. Bc4 Be6 7. Bxe6 fxe6 8. f3 Bd6 9. Nh3 a6 10. Be3 Ke7 11. Nf2 Nbd7 12. Nd3 Rhg8 13. O-O-O b5 14. Kb1 g5 15. h3 h5 16. a3 Raf8 17. Nb4 Nb8 18. Ne2 Nfd7 19. Nd3 Nc6 20. Nec1 Rf7 21. Nb3 g4 22. hxg4 hxg4 23. Rdf1 gxf3 24. gxf3 Rg3 25. Ndc5 Nxc5 26. Nxc5 Bxc5 27. Bxc5+ Kd7 28. Rd1+ Kc8 29. Rh8+ Kb7 30. a4 Rgxf3 31. axb5 axb5 32. Ka2 R3f4 33.
Re1 Rg7 34. Re8 Rg2 35. Kb1 Rgg4 36. Rxe6 Rxe4 37. Rh1 Rc4 38. Bf2 Rg2 39. Be3 Rcxc2 40. Bc1 Rc5 41. Re8 Nd4 42. Be3 Rcc2 43. Bc1 Nb3 44. Rxe5 Nxc1 45. Rxb5+ Kc6 46. Rb4 Nd3 47. Rh6+ Kc5 48. Rb8 Rxb2+ 49. Rxb2 Rxb2+ 50. Ka1 Rd2 51. Rh5+ Kc4 52. Kb1 c5 0-1

[Event "*** Titled Tuesday Blitz"]
[Site "Chess.com"]
[Date "2020.05.05"]
[Round "4"]
[White "51616516516"]
[Black "pedromartinez91"]
[Result "0-1"]
[WhiteElo "2296"]
[BlackElo "2521"]
[TimeControl "180+1"]
[EndTime "10:39:56 PDT"]
[Termination "pedromartinez91 won on time"]

1. d4 d5 2. c4 dxc4 3. Nf3 Nf6 4.
e3 e6 5. Bxc4 c5 6. O-O Nc6 7.
Qe2 cxd4 8. exd4 Be7 9. Rd1 O-O 10. Nc3 Na5 11. Bd3 b6 12. Bg5 Bb7 13. Bc2 Nd5 14. Qd3 f5 15. Bxe7 Qxe7 16. Nxd5 Bxd5 17. Re1 Qb7 18. Ng5 Rf6 19. f3 Rg6 20. Nh3 Bxf3 21. Nf4 Be4 22. Qe2 Rg4 23. Bxe4 Qxe4 24. Qxe4 fxe4 25.
Nxe6 Rc8 26. h3 Rg6 27. d5 Rc2 28. Nf4 Rd6 29. Rac1 Rxc1 30. Rxc1 g5 31. Rc8+ Kf7 32. Rc7+ Kf6 33. Nh5+ Ke5 34. Rxh7 Kd4 35. Rxa7 Kd3 36. Ng3 e3 37. Re7 Nc4 38. Kh2 Rxd5 39. b3 Nd2 0-1

[Event "*** Titled Tuesday Blitz"]
[Site "Chess.com"]
[Date "2020.05.05"]
[Round "4"]
[White "ZEN-22"]
[Black "mirceaparligras"]
[Result "0-1"]
[WhiteElo "2352"]
[BlackElo "2638"]
[TimeControl "180+1"]
[EndTime "10:39:56 PDT"]
[Termination "mirceaparligras won by resignation"]

1. d3 d5 2. g3 e5 3. Bg2 Nf6 4. Nf3 Bd6 5. c4 c6 6. O-O O-O 7. cxd5 cxd5 8. Bg5 Nc6 9. Nc3 Be6 10. Nd2 Be7 11. e4 dxe4 12. dxe4 Nd4 13. Bxf6 Bxf6 14.
Nd5 Rc8 15. Nb3 Bxd5 16. exd5 Qb6 17. Nxd4 exd4 18. Rb1 Rfe8 19. b4 h6 20. a4 Rc3 21.
Re1 Rd8 22. h4 d3 23. Re3 Bd4 24. Rxd3 Bxf2+ 25. Kh2 Rxd3 26. Qxd3 Bd4 27. a5 Qf6 28. Rf1 Qe5 29. Rf5 Qe3 30. Qxe3 Bxe3 31. Re5 Bd2 32. Re4 Kf8 33. Rd4 Bc3 34. Rc4 Be5 35. Kh3 a6 36. g4 Bd6 37. g5 h5 38. Bf1 Re8 39.
Kg2 g6 40. Kf3 Re1 41. Be2 Rb1 42. b5 axb5 43. Rc8+ Ke7 44. Rb8 Bxb8 0-1

[Event "*** Titled Tuesday Blitz"]
[Site "Chess.com"]
[Date "2020.05.05"]
[Round "4"]
[White "Shota_Azaladze"]
[Black "Jumbo"]
[Result "1-0"]
[WhiteElo "2704"]
[BlackElo "2874"]
[TimeControl "180+1"]
[EndTime "10:39:57 PDT"]
[Termination "Shota_Azaladze won by resignation"]

1. Nf3 Nf6 2. g3 d5 3. Bg2 c6 4.
O-O Bg4 5. d3 Nbd7 6. Nbd2 e5 7.
e4 dxe4 8. dxe4 Bc5 9. h3 Bh5 10. Qe1 Qe7 11. a4 O-O 12. Nc4 Bxf3 13. Bxf3 Qe6 14.
Na5 Qxh3 15. Be3 Rab8 16. b4 Bb6 17. Nc4 Ng4 18. Bxg4 Qxg4 19. Bxb6 axb6 20. f3 Qe6 21.
Qe2 Ra8 22. Rfd1 Qe7 23. c3 b5 24. axb5 Rxa1 25. Rxa1 cxb5 26. Ne3 h5 27. Qxb5 Qg5 28.
Kf2 Nf6 29. Rd1 h4 30. gxh4 Qxh4+ 31. Ke2 Qh2+ 32. Ke1 Qg3+ 33. Ke2 Nh5 34. Nd5 Qg2+ 35. Kd3 Qxf3+ 36. Kc2 Qxe4+ 37. Kb3 Qh4 38. Qxb7 Nf6 39. Ne7+ Kh7 40. Rh1 1-0

[Event "*** Titled Tuesday Blitz"]
[Site "Chess.com"]
[Date "2020.05.05"]
[Round "4"]
[White "sotochess"]
[Black "SiddharthGMJagadeesh"]
[Result "0-1"]
[WhiteElo "2156"]
[BlackElo "2406"]
[TimeControl "180+1"]
[EndTime "10:39:57 PDT"]
[Termination "SiddharthGMJagadeesh won on time"]

1. e4 c5 2. Nf3 Nc6 3. d4 cxd4 4. Nxd4 g6 5. Nc3 Bg7 6. Be3 Nf6 7. Bc4 O-O 8. f3 Qb6 9. Bb3 Nxe4 10. Nd5 Qa5+ 11.
c3 Nf6 12. Nxc6 dxc6 13. Nxe7+ Kh8 14. Nxc8 Raxc8 15. O-O Nd5 16. Bd4 Rfd8 17. Bxg7+ Kxg7 18. Qe1 Qb6+ 19. Qf2 Qxf2+ 20. Kxf2 Nf4 21. Kg3 Ne2+ 22. Kh4 Rd2 23. Rad1 Rxb2 24. Rd7 Rf8 25. f4 Nxc3 26. f5 g5+ 27. Kh5 Ne4 28. Rxb7 Rxg2 0-1

[Event "*** Titled Tuesday Blitz"]
[Site "Chess.com"]
[Date "2020.05.05"]
[Round "4"]
[White "Tashik"]
[Black "ntmh281"]
[Result "1-0"]
[WhiteElo "2465"]
[BlackElo "2284"]
[TimeControl "180+1"]
[EndTime "10:39:58 PDT"]
[Termination "Tashik won by resignation"]

1. c4 c6 2. d4 d5 3. Nf3 Nf6 4. Nc3 e6 5. Bg5 h6 6. Bh4 dxc4 7. e4 g5 8. Bg3 b5 9. h4 Rg8 10. hxg5 hxg5 11. Be2 Bb7 12. Qc2 Nbd7 13. Rd1 Be7 14. Kf1 a6 15. b3 cxb3 16. axb3 c5 17. dxc5 Bxc5 18. Ne5 Qb6 19. Nxd7 Nxd7 20. Rh7 Rd8 21. Bh5 Rf8 22. e5 Bd4 23. Bxf7+ Rxf7 24. Qg6 Nxe5 25.
Bxe5 Bxg2+ 26. Kxg2 Qb7+ 27. Ne4 Bxe5 28. Rxf7 Qxf7 29.
Rxd8+ Ke7 30. Rd7+ Kxd7 31. Qxf7+ 1-0

[Event "*** Titled Tuesday Blitz"]
[Site "Chess.com"]
[Date "2020.05.05"]
[Round "4"]
[White "Harry_Rakkel"]
[Black "TigrVShlyape"]
[Result "0-1"]
[WhiteElo "2628"]
[BlackElo "2819"]
[TimeControl "180+1"]
[EndTime "10:39:59 PDT"]
[Termination "TigrVShlyape won by checkmate"]

1. d4 Nf6 2. c4 g6 3. Nc3 Bg7 4. e4 d6 5. f3 Nbd7 6. Nge2 a6 7. Bg5 c6 8. Qd2 h6 9. Be3 b5 10. b3 bxc4 11. bxc4 c5 12. d5 Rb8 13. Rc1 Ne5 14. Ng3 Rb4 15. Nd1 h5 16. Be2 h4 17. Nf1 a5 18. Qc2 e6 19. Bd2 exd5 20. Bxb4 axb4 21.
cxd5 Nh5 22. Nfe3 Qg5 23. Bb5+ Kf8 24. O-O Nf4 25. Kh1 Nh5 26. f4 Nxf4 27. Nc4 Nxc4 28.
Bxc4 Be5 29. Ne3 Nh5 30. Kg1 Qxe3+ 31. Kh1 Ng3+ 32. hxg3 hxg3# 0-1

[Event "*** Titled Tuesday Blitz"]
[Site "Chess.com"]
[Date "2020.05.05"]
[Round "4"]
[White "Kobalia"]
[Black "Grischuk"]
[Result "0-1"]
[WhiteElo "2747"]
[BlackElo "3120"]
[TimeControl "180+1"]
[EndTime "10:40:02 PDT"]
[Termination "Grischuk won by resignation"]

1. e4 c5 2. Nf3 d6 3. Bb5+ Bd7 4. Bxd7+ Nxd7 5. O-O Ngf6 6. Qe2 e6 7. c3 Be7 8. Rd1 O-O 9. d4 Rc8 10. e5 Ne8 11. Bf4 Qc7 12. exd6 Bxd6 13. Bxd6 Nxd6 14. Na3 Rfd8 15. Nb5 Nxb5 16. Qxb5 a6 17. Qe2 Nf6 18. dxc5 Qxc5 19. Rxd8+ Rxd8 20. Rd1 Rd5 21. c4 Qxc4 22. Rxd5 Qxd5 23. a3 h6 24. h3 Ne4 25. Qc2 f5 26. h4 Qc5 27. Qe2 g5 28. hxg5 hxg5 29.
g4 Kg7 30. Kg2 Kf6 31. gxf5 exf5 32. Qe1 g4 33. Nd2 Qd5 34. Nf1 Ng5+ 0-1

[Event "*** Titled Tuesday Blitz"]
[Site "Chess.com"]
[Date "2020.05.05"]
[Round "4"]
[White "GOGIEFF"]
[Black "afgano29"]
[Result "1-0"]
[WhiteElo "2998"]
[BlackElo "2699"]
[TimeControl "180+1"]
[EndTime "10:40:02 PDT"]
[Termination "GOGIEFF won on time"]

1. d4 Nf6 2. c4 g6 3. Nc3 d5 4. Nf3 Bg7 5. cxd5 Nxd5 6. Bd2 O-O 7.
Rc1 Nb6 8. Bg5 h6 9. Bh4 Nc6 10. e3 Bg4 11. Bb5 Nb4 12. O-O c6 13. Be2 N4d5 14. h3 Bxf3 15. Bxf3 Nxc3 16. bxc3 Qd7 17. Qb3 e5 18. Rfd1 Qc7 19. a4 Rfe8 20. a5 Nd7 21. a6 b6 22. c4 Rac8 23. Bg3 c5 24. Qb5 Nf8 25. Bb7 Rcd8 26. dxc5 Qxc5 27. Qxc5 bxc5 28. Rd5 Ne6 29. f3 Nc7 30. Rxc5 Ne6 31. Rd5 f6 32. Bf2 Bf8 33. e4 Nd4 34. Kf1 Ba3 35.
Rb1 Rxd5 36. exd5 Bc5 37. Rb5 Nxb5 38. Bxc5 Nd4 39. Bxa7 Nb3 40. Ke2 Na5 41. c5 Re7 42. c6 1-0

[Event "*** Titled Tuesday Blitz"]
[Site "Chess.com"]
[Date "2020.05.05"]
[Round "4"]
[White "ahachess"]
[Black "kungmongmanh"]
[Result "1-0"]
[WhiteElo "2355"]
[BlackElo "2560"]
[TimeControl "180+1"]
[EndTime "10:40:02 PDT"]
[Termination "ahachess won on time"]

1. d4 Nf6 2. c4 e6 3. Nf3 Bb4+ 4. Bd2 Qe7 5. g3 O-O 6. Bg2 Bxd2+ 7. Qxd2 d6 8. Nc3 e5 9. dxe5 dxe5 10. Kd1 c6 11. Ke1 Rd8 12. Qg5 e4 13. Qe5 Qb4 14. Ng5 Qxb2 15.
Rd1 Re8 16. Qd4 e3 17. fxe3 Bf5 18. Rf1 Bg6 19. Rxf6 gxf6 20. Qxf6 Na6 21. Rd7 Rf8 22.
Ne6 Qc1+ 23. Nd1 1-0

[Event "*** Titled Tuesday Blitz"]
[Site "Chess.com"]
[Date "2020.05.05"]
[Round "4"]
[White "Astaneh"]
[Black "shav3184"]
[Result "1-0"]
[WhiteElo "2542"]
[BlackElo "2328"]
[TimeControl "180+1"]
[EndTime "10:40:02 PDT"]
[Termination "Astaneh won by resignation"]

1. e4 e5 2. Nf3 Nc6 3. Bc4 Bc5 4. O-O Nf6 5. d4 Bxd4 6. Nxd4 Nxd4 7. Bg5 d6 8. f4 Qe7 9. f5 Bd7 10. Nc3 c6 11. Kh1 Qd8 12. b4 Qb6 13. Rb1 h6 14. Be3 O-O 15. Rf3 c5 16. Rg3 Kh7 17. Nd5 Nxd5 18. Bxd5 Bc6 19. Qh5 Qd8 20. Rxg7+ Kxg7 21. Bxh6+ Kh7 22. Bxf8+ Kg8 23. Qxf7+ 1-0

[Event "*** Titled Tuesday Blitz"]
[Site "Chess.com"]
[Date "2020.05.05"]
[Round "4"]
[White "mirochka"]
[Black "NefeLV"]
[Result "1-0"]
[WhiteElo "2179"]
[BlackElo "1788"]
[TimeControl "180+1"]
[EndTime "10:40:02 PDT"]
[Termination "mirochka won by resignation"]

1. e4 g6 2. d4 Bg7 3. Nc3 d6 4. Bg5 Nd7 5. Qd2 h6 6. Bh4 a6 7. f4 Ngf6 8. e5 Nh7 9. Bd3 dxe5 10. fxe5 g5 11. Bf2 b5 12. Be4 Rb8 13. Nf3 c5 14. e6 fxe6 15. Bg6+ Kf8 16. dxc5 Bb7 17. O-O-O Qc7 18.
Qxd7 Qf4+ 19. Qd2 Bxc3 20. Qxf4+ gxf4 21. bxc3 Nf6 22. Ne5 Kg7 23. c6 Bc8 24. Bd4 Rd8 25. Rhf1 b4 26. Rxf4 Rd5 27. Be4 Ra5 28. Ng4 bxc3 29.
Nxf6 exf6 30. Bxf6+ Kg8 31. Rd8+ Kf7 32. Bxc3+ Rf5 33.
Bxf5 exf5 34. Rb4 Ke7 35. Rxb8 Kxd8 36. Bf6+ Kc7 37. Rxc8+ Kxc8 38. Be5 f4 39. Bxf4 1-0

[Event "*** Titled Tuesday Blitz"]
[Site "Chess.com"]
[Date "2020.05.05"]
[Round "4"]
[White "Pavlov_Sergey"]
[Black "Cocaino74"]
[Result "1-0"]
[WhiteElo "2595"]
[BlackElo "2353"]
[TimeControl "180+1"]
[EndTime "10:40:03 PDT"]
[Termination "Pavlov_Sergey won by resignation"]

1. Nf3 d5 2. c4 dxc4 3. Na3 g6 4. Nxc4 Bg7 5. g3 Nf6 6. Bg2 c5 7. O-O Nc6 8. b3 b5 9. Nfe5 Nxe5 10. Nxe5 Nd5 11.
Bb2 O-O 12. Nc6 Qd6 13. Bxd5 Bxb2 14. Rb1 Bb7 15. Nxe7+ Qxe7 16. Bxb7 Qxb7 17. Rxb2 Rfd8 18. Qc2 Rac8 19. d3 Qe7 20. Rc1 h5 21. h4 Qe5 22.
a4 a6 23. axb5 axb5 24. Qc3 Qxc3 25. Rxc3 b4 26. Rc4 Rd7 27. Rbc2 Rdc7 28. d4 Kf8 29. Rxc5 Rxc5 30. Rxc5 Rd8 31. e3 Rb8 32. Kf1 Ke7 33.
Ke2 Kd6 34. Rc4 Rb5 35. Kd3 f6 36. e4 g5 37. f4 gxh4 38. gxh4 Ke7 39. e5 fxe5 40.
fxe5 Ke6 41. Ke4 Rb6 42. d5+ Ke7 43. Kf5 1-0

[Event "*** Titled Tuesday Blitz"]
[Site "Chess.com"]
[Date "2020.05.05"]
[Round "4"]
[White "Roenko_Artur"]
[Black "Lion-Al-Messi"]
[Result "0-1"]
[WhiteElo "2204"]
[BlackElo "2417"]
[TimeControl "180+1"]
[EndTime "10:40:03 PDT"]
[Termination "Lion-Al-Messi won on time"]

1. d4 b6 2. e4 Bb7 3. Bd3 e6 4. Nf3 c5 5. c3 Nf6 6. Qe2 Be7 7. O-O Nc6 8. Bg5 cxd4 9. cxd4 Nb4 10. Bxf6 Bxf6 11.
Bc4 Rc8 12. a3 b5 13. axb4 bxc4 14. Rxa7 Qb6 15. Ra2 O-O 16. e5 Be7 17. Rd1 Bxb4 18. Nc3 Bxc3 19. bxc3 Qb3 20. Qd2 Bxf3 21. gxf3 Rb8 22.
Rda1 h6 23. Kg2 f5 24. Ra7 Rf7 25. Rc7 f4 26. Raa7 Qb1 27. Rxd7 Qg6+ 28. Kh3 Qf5+ 29. Kg2 Rxd7 30. Rxd7 Rb1 31. Rd8+ Kh7 32. Rc8 Qg6+ 33. Kh3 Rg1 0-1

[Event "*** Titled Tuesday Blitz"]
[Site "Chess.com"]
[Date "2020.05.05"]
[Round "4"]
[White "DamianoLew95"]
[Black "KingChess345"]
[Result "1-0"]
[WhiteElo "2570"]
[BlackElo "2182"]
[TimeControl "180+1"]
[EndTime "10:40:04 PDT"]
[Termination "DamianoLew95 won by checkmate"]

1. d4 Nf6 2. Bf4 e6 3. e3 d5 4.
Nf3 Bd6 5. Nbd2 O-O 6. Bd3 c5 7.
c3 Nc6 8. Bg3 Qc7 9. Qe2 e5 10.
dxe5 Nxe5 11. Nxe5 Bxe5 12. Nf3 Bd6 13. Rd1 Bg4 14. Bb1 Rfe8 15. Bh4 d4 16. cxd4 cxd4 17. Rxd4 Qc1+ 18. Rd1 Bb4+ 19. Kf1 Rac8 20. h3 Bd7 21. g3 Bb5 22. Qxb5 Qxd1+ 23. Kg2 Qd6 24. Bxf6 gxf6 25.
Qh5 Rc5 26. Qh6 Qf8 27. Qxh7# 1-0

[Event "*** Titled Tuesday Blitz"]
[Site "Chess.com"]
[Date "2020.05.05"]
[Round "4"]
[White "Gloomy_Wanderer"]
[Black "bait_or_mate"]
[Result "1-0"]
[WhiteElo "2795"]
[BlackElo "2527"]
[TimeControl "180+1"]
[EndTime "10:40:05 PDT"]
[Termination "Gloomy_Wanderer won by resignation"]

1. d4 d5 2. c4 e6 3. Nf3 a6 4.
cxd5 exd5 5. Bg5 Be7 6. Bxe7 Nxe7 7. e3 O-O 8. Nc3 Bg4 9. Bd3 c6 10. Bxh7+ Kh8 11. Bd3 Nd7 12. h3 Bh5 13. g4 Bg6 14. h4 f6 15. h5 Bxd3 16. Qxd3 c5 17. Nh4 cxd4 18. Ng6+ Kg8 19. Nxf8 Ne5 20. Qh7+ Kxf8 21.
exd4 Nxg4 22. Rg1 Qd7 23. O-O-O Ng8 24. f3 Ne3 25. Rd2 Rc8 26. Kb1 Rc7 27. Re2 Qf5+ 28. Qxf5 Nxf5 29. Nxd5 Rd7 30. Nf4 Nxd4 31. Rd2 Ne7 32.
Rxd4 Rxd4 33. Ne6+ 1-0

[Event "*** Titled Tuesday Blitz"]
[Site "Chess.com"]
[Date "2020.05.05"]
[Round "4"]
[White "Kezin_Roman"]
[Black "ThePatrick27"]
[Result "1-0"]
[WhiteElo "2793"]
[BlackElo "2526"]
[TimeControl "180+1"]
[EndTime "10:40:05 PDT"]
[Termination "Kezin_Roman won by resignation"]

1. d4 Nf6 2. c4 e6 3. g3 d5 4. Bg2 Be7 5. Nf3 O-O 6. O-O dxc4 7. Qc2 a6 8. a4 Bd7 9. Bg5 Bc6 10. Bxf6 Bxf6 11. Rd1 b5 12. Nc3 Nd7 13. Ng5 Bxg5 14. Bxc6 Rb8 15. axb5 axb5 16. Nxb5 Nb6 17. Bf3 Qd7 18.
Na7 Nd5 19. h4 Bf6 20. Qxc4 Rb4 21. Qc5 Rxb2 22. Nc6 Ne7 23. Ne5 Qd6 24. Qc3 Rbb8 25.
Ng4 Nd5 26. Bxd5 Qxd5 27. Nxf6+ gxf6 28. Qxc7 Rb2 29. Qf4 h5 30. e4 Qb3 31. Qxf6 Qc2 32. Qg5+ Kh8 33. Qxh5+ Kg8 34. Qg5+ Kh8 35. Qf6+ Kg8 36.
Qf3 Rfb8 37. Ra5 R8b5 38. Rxb5 Rxb5 39. d5 Rb3 40. Qg4+ Kf8 41. dxe6 fxe6 42. Rd8+ Ke7 43. Qg5+ 1-0

[Event "*** Titled Tuesday Blitz"]
[Site "Chess.com"]
[Date "2020.05.05"]
[Round "4"]
[White "SlavenPastar"]
[Black "wild_cat99"]
[Result "0-1"]
[WhiteElo "2362"]
[BlackElo "2569"]
[TimeControl "180+1"]
[EndTime "10:40:05 PDT"]
[Termination "wild_cat99 won by checkmate"]

1. d4 Nf6 2. c4 g6 3. Nf3 Bg7 4. Bg5 O-O 5. Nc3 d5 6. Bxf6 exf6 7. cxd5 c6 8. dxc6 Nxc6 9. e3 f5 10. Be2 f4 11. exf4 Nxd4 12. Nxd4 Bxd4 13. O-O Bf5 14. Bf3 Rb8 15. Qa4 b5 16. Nxb5 Bxb2 17. Nxa7 Bxa1 18.
Nc6 Bd7 19. Rxa1 Rb6 20. Nxd8 Bxa4 21. Nb7 Rb8 22. h3 R8xb7 23. Bxb7 Rxb7 24. Rc1 Rb2 25. Rc4 Rxa2 26. Rc8+ Kg7 27. Rc7 h5 28. Rc5 Bd7 29. Rc7 Be6 30. Rc5 Kf6 31. Rc7 Kf5 32. g3 Ra1+ 33.
Kh2 Bd5 34. g4+ hxg4 35. Kg3 Rg1+ 36. Kh4 Rh1 37. Rc3 Rxh3+ 38. Rxh3 gxh3 39. Kxh3 Kxf4 40. Kh2 Kf3 41. Kg1 g5 42. Kh2 g4 43. Kg1 g3 44.
Kf1 g2+ 45. Kg1 f5 46. Kh2 Kxf2 47. Kh3 g1=Q 48. Kh4 Qg4# 0-1

[Event "*** Titled Tuesday Blitz"]
[Site "Chess.com"]
[Date "2020.05.05"]
[Round "4"]
[White "Gareth-Bale11"]
[Black "Natalya_Buksa"]
[Result "1-0"]
[WhiteElo "2744"]
[BlackElo "2498"]
[TimeControl "180+1"]
[EndTime "10:40:06 PDT"]
[Termination "Gareth-Bale11 won by checkmate"]

1. d4 d5 2. c4 e6 3. Nf3 Nf6 4. Nc3 Nbd7 5. Bg5 Be7 6. e3 h6 7.
Bh4 O-O 8. Qc2 c5 9. dxc5 dxc4 10. c6 bxc6 11. Bxc4 Nd5 12. Bg3 N7b6 13. Be2 Nb4 14. Qb1 Bd6 15. O-O Bxg3 16. hxg3 Qf6 17. Ne4 Qe7 18.
Qc1 Bb7 19. Qc5 N4d5 20. Qxe7 Nxe7 21. Rfc1 Rfd8 22. Nd4 Rac8 23. Rc3 Ned5 24. Ra3 c5 25. Nb5 Nb4 26. Ned6 Nc2 27. Nxb7 Nxa3 28. Nxd8 Nxb5 29. Nxe6 Nd6 30. Nf4 c4 31. Rc1 Kf8 32. f3 Ke7 33. e4 Rc5 34. Kf2 Rb5 35. Rc2 Ra5 36. a3 g5 37. Nh5 Ra4 38. g4 Nb5 39. Ng3 Nd4 40.
Rd2 Nb3 41. Nf5+ Ke8 42. Rd6 c3 43. Bb5+ Kf8 44. Rd8# 1-0